Cogmind - Beta 14 @@@ ROGUE MODE // 2024.10.03 @ 01:06:12 Player: Cereal Killer Result: Destroyed by S-10 Pest with Light Assault Rifle Performance ------------- Evolutions (0) 0 Regions Visited (3) 600 Robots Destroyed (26) 130 Value Destroyed (575) 575 Prototype IDs (7) 140 Alien Tech Used (0) 0 Bonus (134) 134 TOTAL SCORE: 1579 Bonus ------- Follower Combat Kills 251 Friendly Fire -117 Cogmind --------- Core Integrity 0/250 Matter 232/300 Energy 250/250 System Corruption 0% Temperature Cool (0) Movement Rolling (140) Ox4 Location -10/Subcaves Parts ------- > --- POWER (1) -------- Ion Engine > --- PROPULSION (2) --- Wheel Wheel > --- UTILITY (2) ------ Huge Storage Unit Light Armor Plating > --- WEAPON (2) ------- Subdweller Beam Cannon Grenade Launcher > --- INVENTORY (25) --- Light Ion Engine Subdweller Power Source Light Nuclear Core Wheel Compact Wheel Subdweller Monowheel Subdweller Monowheel Subdweller Monowheel Subdweller Monowheel Heat Sink Improved Heat Sink Huge Storage Unit Large Matter Pod (150) High-capacity Matter Pod (200) Experimental Sensor Array Terrain Scanner Subdweller Laser Heavy Assault Rifle Makeshift Shrapnel Gun Datajack Mining Laser Multitool Plasma Flamer Peak State ------------ > --- POWER ------------ Improved Ion Engine > --- PROPULSION ------- Compact Wheel Compact Wheel > --- UTILITY ---------- Huge Storage Unit Experimental Sensor Array > --- WEAPON ----------- Beam Cannon Heavy Assault Rifle > --- INVENTORY -------- Ion Engine Light Ion Engine Light Ion Engine Light Nuclear Core Wheel Wheel Wheel Compact Wheel Heat Sink Heat Sink Heat Sink Improved Heat Sink Huge Storage Unit Large Matter Pod High-capacity Matter Pod Terrain Scanner Propulsion Shielding Medium Laser Grenade Launcher Datajack Mining Laser Plasma Flamer [Rating: 20] Favorites ----------- Power Improved Ion Engine Engine Improved Ion Engine Propulsion Compact Wheel Wheel Compact Wheel Utility Huge Storage Unit Device Heat Sink Storage Huge Storage Unit Protection Light Armor Plating Weapon Beam Cannon Energy Gun EM Pulse Gun Energy Cannon Beam Cannon Ballistic Gun Heavy Assault Rifle Launcher Grenade Launcher Special Weapon Multitool Special Melee Weapon Datajack Build | -11 -10 -10 -10 ------- Run | Yrd Mat Min Sub Slots Evolved . | . . . . Power . | . . . . Propulsion . | . . . . Utility . | . . . . Weapon . | . . . . Parts Attached 38 | 6 11 5 16 Power 4 | 1 1 1 1 Engine 4 | 1 1 1 1 Core . | . . . . Reactor . | . . . . Propulsion 8 | 2 2 1 3 Treads . | . . . . Leg . | . . . . Wheel 8 | 2 2 1 3 Hover . | . . . . Flight . | . . . . Utility 11 | 1 3 2 5 Device 7 | . 2 2 3 Storage 2 | 1 1 . . Processor . | . . . . Hackware . | . . . . Protection 2 | . . . 2 Artifact . | . . . . Weapon 15 | 2 5 1 7 Energy Gun 2 | 1 1 . . Energy Cannon 4 | . 2 . 2 Ballistic Gun 6 | 1 1 1 3 Ballistic Cannon . | . . . . Launcher 1 | . . . 1 Special Weapon 1 | . . . 1 Impact Weapon . | . . . . Slashing Weapon . | . . . . Piercing Weapon . | . . . . Special Melee Weapon 1 | . 1 . . Unidentified Prototypes 1 | . . 1 . Parts Lost 5 | . 1 2 2 Power 2 | . . 1 1 Propulsion 1 | . . 1 . Utility 1 | . . . 1 Weapon 1 | . 1 . . Highest Loss Streak 1 | . 1 1 1 To Critical Strikes . | . . . . Average Slot Usage (%) 98 | . 98 99 98 Engine 13 | . 13 13 14 Wheel 27 | . 28 27 28 Device 9 | . 12 14 4 Storage 14 | . 14 14 14 Protection 3 | . . . 7 Energy Cannon 12 | . 12 14 12 Ballistic Gun 11 | . 6 8 14 Special Melee Weapon 2 | . 6 5 . Peak Build Rating 20 | 6 8 20 16 Average Rating 11 | 3 7 10 14 On Entrance 6 | . 6 8 13 Naked Turns . | . . . . Heaviest Build 101 | 13 93 94 101 Greatest Support 32 | 26 32 32 32 Greatest Overweight (x) 5 | . 3 2 5 Average Overweight (x) 2 | . 2 2 3 Largest Inventory Capacity 25 | 8 25 25 25 Average Capacity 24 | 6 24 25 25 Most Carried 25 | 5 13 25 25 Average Carried 19 | 2 7 19 24 Final Capacity 25 | 8 25 25 25 Final Carried 25 | 2 11 25 23 Class Distribution -------------------- 69% | Mutant 30% | Scavenger-Mutant Dominant Class ---------------- Mutant | -10/Materials Mutant | -10/Mines Scavenger-Mutant | -10/Subcaves Resources | -11 -10 -10 -10 ----------- Run | Yrd Mat Min Sub Matter Collected 1051 | 221 307 293 230 Remotely . | . . . . Salvage Created 897 | . 305 326 266 Parts 53 | . 23 10 20 Haulers Intercepted 1 | . 1 . . Recyclers Shooed 2 | . . 2 . Parts Field Recycled . | . . . . Retrieved Matter . | . . . . Parts Self-Destructed 4 | . . . 4 Prevented . | . . . . Kills | -11 -10 -10 -10 ------- Run | Yrd Mat Min Sub Combat Hostiles Destroyed 18 | . 7 3 8 Guns 4 | . 2 . 2 Cannons 12 | . 5 3 4 AOE 2 | . . . 2 Classes Destroyed 8 | . 5 2 1 Worker 1 | . . 1 . Builder 1 | . . 1 . Hauler 1 | . 1 . . Recycler 3 | . 1 2 . Watcher 1 | . 1 . . Swarmer 6 | . 5 . 1 Grunt 5 | . 2 3 . Subdweller 7 | . . . 7 Thug 1 | . . . 1 Best Kill Streak 6 | . 6 3 2 Combat Bots Only 5 | . 5 2 2 Max Kills in Single Turn 2 | . 2 1 2 Gunslinging . | . . . . Exploded 2 | . . . 2 Melee . | . . . . Uniques/NPCs Destroyed . | . . . . Combat | -11 -10 -10 -10 -------- Run | Yrd Mat Min Sub Hostile Shots Fired 72 | . 25 16 31 Missed 23 | . 3 8 12 Damage Taken 816 | . 191 139 486 Core 257 | . 42 14 201 Absorbed by Shields . | . . . . Core Remaining (%) 100 | 100 . . . Volleys Fired 74 | . 23 21 30 Largest 2 | . 2 2 2 Hottest 110 | . 100 83 110 Shots Fired 138 | . 42 37 59 Gun 67 | . 19 16 32 Cannon 68 | . 23 21 24 Launcher 3 | . . . 3 Special . | . . . . Kinetic 61 | . 13 16 32 Thermal 68 | . 23 21 24 Explosive 3 | . . . 3 Electromagnetic 6 | . 6 . . Robot Hit Streak 12 | . 7 7 12 Robot Miss Streak 3 | . 2 3 2 Penetration Max . | . . . . Secondary Targets . | . . . . Shots Hit Robots 91 | . 27 29 35 Core Hits 44 | . 13 11 20 Critical Kills . | . . . . Critical Parts Destroyed . | . . . . Critical Strikes . | . . . . Melee Attacks 12 | . 9 3 . Impact . | . . . . Slashing . | . . . . Piercing . | . . . . Sneak Attacks 5 | . 2 3 . Combat Hostiles . | . . . . Follow-up Attacks . | . . . . Damage Inflicted 1584 | . 346 432 806 Guns 562 | . 94 151 317 Cannons 861 | . 252 281 328 Explosions 161 | . . . 161 Melee . | . . . . Ramming . | . . . . Kinetic 538 | . 70 151 317 Thermal 861 | . 252 281 328 Explosive 161 | . . . 161 Electromagnetic 24 | . 24 . . Impact . | . . . . Slashing . | . . . . Piercing . | . . . . Highest Corruption . | . . . . Average Corruption . | . . . . Corruption Purged . | . . . . Corruption Blocked . | . . . . Overload Shots . | . . . . Overflow Damage 12 | . . 12 . Projectiles 12 | . . 12 . Explosions . | . . . . Melee . | . . . . Knockbacks . | . . . . Impact . | . . . . Kinetic . | . . . . Secondary . | . . . . Self-Inflicted Damage . | . . . . Shots . | . . . . Rammed . | . . . . Targets Rammed . | . . . . Kicked . | . . . . Crushed . | . . . . Highest Temperature 79 | . 79 22 6 Average Temperature 23 | . 31 12 3 Received Heat Transfer 264 | . 60 96 108 Siege Activations . | . . . . Robots Corrupted . | . . . . Combat Hostiles . | . . . . Parts Fried . | . . . . Impact Corruptions . | . . . . Robots Melted . | . . . . Combat Hostiles . | . . . . Parts Melted 3 | . 2 . 1 Heat Transferred 1665 | . 518 592 555 Parts Sabotaged . | . . . . Parts Stolen . | . . . . Parts Stripped . | . . . . Power Chain Reactions . | . . . . Alert | -11 -10 -10 -10 ------- Run | Yrd Mat Min Sub Peak Influence 262 | . 262 231 . Initial 72 | . . 72 . Average 127 | . 175 99 . Maximum Alert Level 1 | . 1 1 . Low Security (%) 78 | 100 53 94 . Level 1 21 | . 46 5 . Level 2 . | . . . . Level 3 . | . . . . Level 4 . | . . . . Level 5 . | . . . . High Security . | . . . . Max Security . | . . . . Squads Dispatched 1 | . 1 . . Investigation 1 | . 1 . . Extermination . | . . . . Reinforcement . | . . . . Assault . | . . . . Garrison . | . . . . Intercept . | . . . . Searches Triggered . | . . . . Construction Impeded . | . . . . Haulers Reinforced . | . . . . Active Scanning Responses . | . . . . Cargo Convoy Interrupts . | . . . . Stealth | -11 -10 -10 -10 --------- Run | Yrd Mat Min Sub Distress Signals 4 | . 4 . . Communications Jammed . | . . . . Distress Signals . | . . . . Times Spotted 32 | . 15 5 12 Peak Tracking Total 6 | . 6 2 3 Tactical Retreats 5 | . 5 . . Traps | -11 -10 -10 -10 ------- Run | Yrd Mat Min Sub Traps Triggered 5 | . 3 . 2 Indirectly . | . . . . Trap Hack Attempts 8 | . 8 . . Triggered . | . . . . Disarmed . | . . . . Reprogrammed 2 | . 2 . . Reused . | . . . . Traps Extracted . | . . . . Installed . | . . . . Triggered . | . . . . Machines | -11 -10 -10 -10 ---------- Run | Yrd Mat Min Sub Machines Disabled 2 | . 1 1 . Max in Single Turn 1 | . 1 1 . Machines Repaired . | . . . . Machines Dismantled . | . . . . Machines Sabotaged . | . . . . Overloaded Fab Kills . | . . . . Hacking | -11 -10 -10 -10 --------- Run | Yrd Mat Min Sub Machines Accessed 5 | . 5 . . Terminals 5 | . 5 . . Fabricators . | . . . . Repair Stations . | . . . . Recycling Units . | . . . . Scanalyzers . | . . . . Garrison Access . | . . . . Total Hacks 20 | . 20 . . Successful 12 | . 12 . . Failed 8 | . 8 . . Catastrophic . | . . . . Database Lockouts . | . . . . Manual 8 | . 8 . . Terminals 20 | . 20 . . Fabricators . | . . . . Repair Stations . | . . . . Recycling Units . | . . . . Scanalyzers . | . . . . Garrison Access . | . . . . Terminal Hacks 11 | . 11 . . Robot Analysis 3 | . 3 . . Prototype ID Bank 5 | . 5 . . Branch Access Points 1 | . 1 . . Locate Traps 1 | . 1 . . Zone Layout 1 | . 1 . . Fabricator Hacks . | . . . . Repair Station Hacks . | . . . . Recycling Unit Hacks . | . . . . Scanalyzer . | . . . . Garrison Access Hacks . | . . . . Unauthorized Hacks 1 | . 1 . . Terminals 1 | . 1 . . Botnet 1 | . 1 . . Fabricators . | . . . . Repair Stations . | . . . . Recycling Units . | . . . . Scanalyzers . | . . . . Garrison Access . | . . . . Data Cores Recovered . | . . . . Used . | . . . . Hacking Detections 5 | . 5 . . Full Trace Events 1 | . 1 . . Feedback Events . | . . . . Feedback Blocked . | . . . . Robot Schematics Acquired . | . . . . Robots Built . | . . . . Authchips . | . . . . Time . | . . . . Total Robot Build Rating . | . . . . Part Schematics Acquired . | . . . . Parts Built . | . . . . Authchips . | . . . . Time . | . . . . Total Part Build Rating . | . . . . Parts Repaired . | . . . . Time . | . . . . Parts Recycled . | . . . . Recycled Matter . | . . . . Retrieved Matter . | . . . . Retrieved Components . | . . . . Parts Scanalyzed . | . . . . Part Schematics Acquired . | . . . . Parts Damaged . | . . . . Bothacking | -11 -10 -10 -10 ------------ Run | Yrd Mat Min Sub Used RIF Installer . | . . . . Robots Hacked 4 | . 2 2 . Non-combat 3 | . 1 2 . Combat 1 | . 1 . . Robot Hacks Applied 4 | . 2 2 . parse_system 2 | . 2 . . no_distress 2 | . . 2 . Relay Couplers Released . | . . . . Fabnet Peak Effective % . | . . . . Robots Rewired . | . . . . Allies Hacked . | . . . . Hacks Repelled . | . . . . Allies | -11 -10 -10 -10 -------- Run | Yrd Mat Min Sub Total Allies 3 | . . 3 . Largest Group 3 | . . 3 2 Highest-Rated Group 77 | . . 77 50 Highest-Rated Ally 31 | . . 31 31 Total Orders . | . . . . Ally Attacks 33 | . . 20 13 Total Damage 474 | . . 269 205 Kills 8 | . . 5 3 Allies Corrupted . | . . . . Allies Melted 1 | . . 1 . Intel | -11 -10 -10 -10 ------- Run | Yrd Mat Min Sub Robot Analysis Total 2 | . 2 . . Derelict Logs Recovered 2 | . . 2 . Drone Launches . | . . . . Drone Recoveries . | . . . . Exploration | -11 -10 -10 -10 ------------- Run | Yrd Mat Min Sub Turns Passed 3117 | 41 645 929 1502 Spaces Moved 2026 | 39 397 623 967 Core 19 | 19 . . . Treads . | . . . . Legs . | . . . . Wheels 2007 | 20 397 623 967 Hover . | . . . . Flight . | . . . . Fastest Speed 50 | 50 90 130 130 Average Speed 134 | 70 131 130 140 Slowest Speed 155 | 90 135 130 155 Overloaded Moves . | . . . . Propulsion Burnouts . | . . . . Robots Hopped . | . . . . Cave-ins Triggered . | . . . . Exploration Rate (%) 56 | 3 71 99 54 Regions Visited 3 Branch Regions 2 Pre-discovered Areas 1 | . . 1 . Known Exits Taken 1 | . 1 . . Unknown Exits Taken 2 | 1 . 1 . Scrap Searched 3 | . . 3 . Spaces Dug . | . . . . Terrain Destroyed 14 | . . . 14 Melee . | . . . . Projectile 3 | . . . 3 AOE 11 | . . . 11 Terrain Rammed . | . . . . Walls Destroyed . | . . . . Machines Disabled . | . . . . Actions | -11 -10 -10 -10 --------- Run | Yrd Mat Min Sub Total 2274 | 52 475 703 1044 Wait 54 | . 9 34 11 Move 2023 | 38 396 622 967 Hop . | . . . . Pick Up 53 | 8 18 17 10 Fast Attach . | . . . . Attach 19 | 6 9 2 2 Detach . | . . . . Swap 19 | . 2 3 14 Drop 12 | . 1 1 10 Fire 74 | . 23 21 30 Melee 12 | . 9 3 . Ram . | . . . . Kick . | . . . . Crush . | . . . . Escape Stasis . | . . . . Rewire . | . . . . Trap 8 | . 8 . . Miscellaneous . | . . . . Route ------- -11/Scrapyard -10/Materials (discovered 5 exits: [*Mat x3] / *Min x2) -10/Mines (discovered 4 exits: [*Mat x2] / [*Exi] / [*Sub]) -10/Subcaves (discovered 1 exit: [*Mat]) History --------- Turn | Location | Event 10 | -11/Scrapyard | Discovered new exit (range 15) 42 | -11/Scrapyard | Entered Materials 198 | -10/Materials | Discovered new exit (range 13) 316 | -10/Materials | Build established: Mutant 331 | -10/Materials | Discovered new exit (range 9) 334 | -10/Materials | Identified exit to Mines 443 | -10/Materials | Discovered new exit (range 15) 687 | -10/Materials | Entered Mines 690 | -10/Mines | Received a Mining Laser from a helpful Derelict 743 | -10/Mines | Deemed a non-threat by the Exiles lab entrance 744 | -10/Mines | Discovered new exit (range 5) 791 | -10/Mines | A weapon hastily lodged in a ceiling crevice suddenly fell to the ground 840 | -10/Mines | Discovered new exit (range 11) 933 | -10/Mines | Joined a pair of Derelicts in attacking an 0b10 outpost 987 | -10/Mines | Discovered new exit (range 11) 1229 | -10/Mines | Found a damaged Exp. Sensor Array with a note attached 1231 | -10/Mines | Found Prototype Device 1239 | -10/Mines | Identified Exp. Sensor Array 1265 | -10/Mines | Learned Materials emergency access door positions 1464 | -10/Mines | Learned location of Zion (-6) 1598 | -10/Mines | Discovered new exit (range 8) 1616 | -10/Mines | Entered Subcaves 1616 | -10/Subcaves | Accompanied by 2 allies 1621 | -10/Subcaves | Led the pair of lost Derelicts to an unsafe place 2061 | -10/Subcaves | Shifting Twisted Machinery released Sub. Laser 2063 | -10/Subcaves | Shifting Twisted Machinery released Sub. Beam Cannon 2219 | -10/Subcaves | Core integrity fell below 50% 2240 | -10/Subcaves | Core integrity fell below 20% 2313 | -10/Subcaves | Build established: Scavenger-Mutant 2452 | -10/Subcaves | A swath of the cavern ceiling suddenly collapsed 3112 | -10/Subcaves | Discovered new exit (range 9) 3118 | -10/Subcaves | Destroyed by S-10 Pest with Light Assault Rifle Last Messages --------------- A swath of the cavern ceiling suddenly collapses. 02473_ Sub. Beam Cannon shoots sparks and powers down. 02481_ HI-NSL(R) destroyed. 02658_ Dropped Broken Sub. Beam Cannon. 02659_ Acquired Sub. Beam Cannon. 02684_ Subatomizers dissect the Heat Sink. 02746_ Subatomizers dissect the Disposable Heat Sink. 02751_ Acquired 34 matter. 02955_ QV-FZW(R) emerges from the Twisted Machinery. 02962_ Imp. Ion Engine destroyed. 02980_ YH-GG9(R) destroyed. 02980_ QV-FZW(R) destroyed. 02981_ The unstable cave ceiling collapses. 02991_ Acquired 29 matter. 03112_ EXIT=FOUND 03116_ S-10 Pest destroyed. Map ----- +----------------------------------------------------+ | ???????????????????????????## #????????????????? | | ????????????????????????????# #????????????????? | | ????????????????????????????# #????????????????? | | ????????????????????????????# #######??????????? | | ????????????????????????????# # # # #??????????? | | ????????????????????????????## ##??????????# | | ?????????????????????????????### ## #???????#### | | ??????????????????????????????# ## #######?# # | | ??????????????????????????????#" ## ### | | ??????????????????????????????# ## ## | | ??????????????????????????????### | | ?????????????????????#??????????## " | | ???????????????????### ?????????## " " ## | | ???????????????? ## # ???????### " "## | | ???????????????# ???????#"""" " "#### # | | ??????????????? ???????###"""" "##??## ### | | ??????????????? ????????## "" ###????###?# | | ???????????????? ????????## ####???????# | | ????????????????? ???????## #???????# | | ?????????????????? ??????## #???????? | | ????????????????????<=% ?????# #???????? | | ????????????????????? s ?????### ##???????? | | ??????????????????????#s ?####### #####????????? | | ?????????????????????## ## ## #????????????? | | ????????????????????## ###?##???? ????? | | ???????????????????## @ ##??? ### ??##?? | | ???????????????????# ##??? ?? #?? | | ???????????????????# ##???# ??? ## | | ?????????????????### ##### ????? | | ???????????######### ## #??????? | | ?????????######### #### #?????? | | ????????##### #### ######## ? | | ????????### #### #?# #??? | | ????????## " """ ## ### #????? | | ???????### """ " ## ### ## #?????? | | ???????### " "### # # #### #??????? | | ???????## ##### #?### ##?????? | | ???????#### ###" ## ## #???## #?????? | | ???????##### ## ###### #????# ##?????? | | ?????????### ###???# ##???## ##??????? | | ??????????### ###### #????# ##???????? | | ????????##### " % ###### #????# ##???????? | | ????????#### """[ #### ????### #???????? | | ???????### """"!! #### #?????# #???????? | | ???????## ##"""!& ####? ????## #???????? | | ???????## ####""%## ##### ###### #???????? | | ???????##""""#####"! # ## ### ### #???????? | | ???????### ######=[! #### #### #???????? | | ???????###########] #""" ###?# ### ###?????? | | ????????###### # # ##??# ##????? | +----------------------------------------------------+ Best States ------------- Heat Dissipation 39 Energy Generation 12 Energy Capacity 265 Matter Stores 300 Matter Capacity 300 Sight Range 16 Robot Scan Range 20 Terrain Scan Density 10 Armor Coverage 150 Evasion (%) 50 Item Schematics ----------------- None Robot Schematics ------------------ None Fabricated ------------ Nothing Alien Tech Used ----------------- None Achievements -------------- None Challenges ------------ None Game ------ Seed PlatingLaserSuperbattery Manual? 0 Play Time 00:23:06 Cumulative 219.6 hours Start 2024.10.02 @ 20:42:56 End 2024.10.03 @ 01:06:12 Sessions 3 Manual Loads 0 Difficulty Rogue Special Mode None Game No. 180 Rogue 171 Adventurer 9 Explorer 0 Win Type - Total 1 Types 1/0/0/0/0/0/0/0/0 Lore% 74 Gallery% 71 Achievement% 58 Wizard Run 0 Options --------- Layout 1 ASCII 0 Keyboard 0 Movement Numpad Keybinds 0 Fullscreen 1 Font 24/Smallcaps Map View 50x35 Zoom Use 0% Tactical HUD 1 Map Filters NONE Filters NONE Steam 1 RUN: 28d495af-cccd-45a4-a045-00f0d7dca9bf